 Dungeon Crawl Stone Soup version 0.31-a0-198-g2ad674f65e (webtiles) character file.

Game seed: 17636700590461096625

189 qw the Skirmisher (level 5, -5/29 HPs)
             Began as a Deep Elf Hunter on June 25, 2023.
             Slain by Blork the orc
             ... wielding a +3 heavy mace
              (10 damage)
             ... on level 4 of the Dungeon.
             The game lasted 00:01:00 (2338 turns).

qw the Skirmisher (Deep Elf Hunter)                 Turns: 2338, Time: 00:01:01

Health: -5/29      AC:  5    Str: 10    XL:     5   Next: 40%
Magic:  7/7        EV: 12    Int: 14    God:
Gold:   189        SH:  0    Dex: 18    Spells: 4/4 levels left

rFire   . . .        Y - +1 shortbow
rCold   . . .        (shield currently unavailable)
rNeg    . . .        j - +1 leather armour {rPois}
rPois   +            f - +0 helmet
rElec   .            (no cloak)
rCorr   .            (no gloves)
SInv    .            (no boots)
Will    +....        (no amulet)
Stlth   ++           d - ring of willpower
HPRegen 0.24/turn    (no ring)
MPRegen 0.10/turn

%: no passive effects
@: about to teleport
A: no striking features
a: no special abilities


You were on level 4 of the Dungeon.
You visited 1 branch of the dungeon, and saw 4 of its levels.

You collected 189 gold pieces.


   Skills:
 - Level 1.5 Fighting
 + Level 8.9 Ranged Weapons
 - Level 2.4 Dodging
 - Level 1.2 Stealth


You had 4 spell levels left.
You didn't know any spells.
Your spell library was empty.

Inventory:

Hand Weapons
 Y - a +1 shortbow (weapon)
Armour
 f - a +0 helmet (worn)
 i - a +0 ring mail
 j - a +1 leather armour of poison resistance (worn)
Jewellery
 d - a ring of willpower (left hand)
 h - a ring of poison resistance
Scrolls
 a - a scroll of identify
Potions
 e - a potion of attraction {unknown}
 g - a potion of heal wounds {unknown}
 m - 2 potions of curing

Dungeon Overview and Level Annotations

Branches:
Dungeon (4/15)
 Temple: D:4-7

Altars:

Annotations:
D:2 1 runed translucent door, Crazy Yiuf
D:4 Blork the orc, Grinder


Message History

Grinder shouts!
Grinder is moderately wounded.
Grinder and Blork the orc come into view.
Blork the orc is wielding a +3 heavy mace.
Found a scale mail.
Blork the orc shouts!
Grinder says, "Wait up."
There is an open door here.
You shoot an arrow. The arrow hits Grinder.
Grinder is moderately wounded.
You shoot an arrow.
The arrow hits Grinder but does no damage.
Grinder is moderately wounded.
Grinder gestures at you. Pain shoots through your body!
You shoot an arrow.
The arrow hits Grinder but does no damage.
Grinder is moderately wounded.
Blork the orc casts a spell.
Blork the orc seems to speed up.
Grinder blinks!
You shoot an arrow. The arrow completely misses Grinder.
Grinder gestures at you. You resist with some effort.
You shoot an arrow. The arrow barely misses Blork the orc.
You shoot an arrow. The arrow hits Blork the orc.
Blork the orc is lightly wounded.
You hear the slow rusting of a distant drain.
Blork the orc hits you with a +3 heavy mace!
You shoot an arrow. The arrow hits Blork the orc.
Blork the orc is moderately wounded.
Blork the orc closely misses you.
You shoot an arrow. The arrow hits Grinder.
Grinder is heavily wounded.
Blork the orc hits you with a +3 heavy mace!
Grinder barely misses you.
2338 ||| READING scroll of teleportation.
As you read the scroll of teleportation, it crumbles to dust.
You feel strangely unstable.
Blork the orc hits you with a +3 heavy mace!
You die...

....... ....... .......
[...... ....... .......
......o#################
......5@................
.......#################
....... ....... #######
### #<# #.#


You could see Grinder and Blork the orc (fast).

Vanquished Creatures
  A howler monkey (D:3)
  Terence (D:3)
  5 adders
  2 worms (D:2)
  3 dart slugs
  4 orcs (D:3)
  7 ball pythons
  3 endoplasms
  3 giant cockroaches (D:1)
  5 hobgoblins
  A jackal (D:1)
  3 quokkas
  6 bats
  A frilled lizard (D:2)
  5 goblins
  11 kobolds
  7 rats
68 creatures vanquished.

Notes
Turn   | Place    | Note
-------+----------+-------------------------------------------
     0 | D:1      | qw the Deep Elf Hunter began the quest for the Orb.
     0 | D:1      | Reached XP level 1. HP: 12/12 MP: 3/3
     0 | D:1      | 0 ||| qw: Version: 0.3-a-22-g0ed2b0b
     0 | D:1      | 0 ||| qw: Game counter: 5341
     0 | D:1      | 0 ||| qw: Melee chars always use a shield: true
     0 | D:1      | 0 ||| qw: God list: Okawaru
     0 | D:1      | 0 ||| qw: Allow faded altars: false
     0 | D:1      | 0 ||| qw: Do Orc after clearing Dungeon:15 true
     0 | D:1      | 0 ||| qw: Do second Lair branch before Depths: true
     0 | D:1      | 0 ||| qw: Lair rune preference: random
     0 | D:1      | 0 ||| qw: Goals: Normal
     0 | D:1      | 0 ||| PLANNING D:1-11
   177 | D:1      | Reached skill level 6 in Ranged Weapons
   177 | D:1      | Reached XP level 2. HP: 16/16 MP: 4/4
   510 | D:1      | Reached XP level 3. HP: 20/20 MP: 5/5
   713 | D:1      | 713 ||| UPGRADING to +0 helmet.
   718 | D:1      | 718 ||| UPGRADING to +0 ring mail.
   728 | D:1      | 728 ||| DROPPING +0 leather armour.
   729 | D:1      | 729 ||| DROPPING amulet of magic regeneration.
   730 | D:1      | 730 ||| UPGRADING to ring of willpower.
   731 | D:1      | 731 ||| READING scroll labelled ALAACY USMO.
   732 | D:1      | 732 ||| READING scroll labelled DUCUTI UTUIMIQ.
   733 | D:1      | 733 ||| READING scroll labelled WEETSO YMIORA.
   734 | D:1      | 734 ||| DRINKING 2 smoky blue potions.
   768 | D:1      | 768 ||| DRINKING 2 inky potions.
   769 | D:1      | 769 ||| DROPPING scroll of butterflies.
   770 | D:1      | 770 ||| DROPPING potion of lignification.
   876 | D:2      | Reached skill level 7 in Ranged Weapons
   996 | D:2      | Reached XP level 4. HP: 25/25 MP: 6/6
  1202 | D:2      | Found a runed translucent door.
  1203 | D:2      | Noticed Crazy Yiuf
  1367 | D:2      | 1367 ||| READING scroll labelled ZUERUE VIHOFF.
  1368 | D:2      | 1368 ||| READING scroll labelled VECVUI COAMIN.
  1369 | D:2      | 1369 ||| READING scroll labelled POISTUI SUMISO.
  1370 | D:2      | 1370 ||| READING scroll labelled KODUCA KAWU.
  1371 | D:2      | 1371 ||| READING scroll labelled FEV ZUSATET.
  1762 | D:3      | Noticed Terence
  1763 | D:3      | 1763 ||| READING 2 scrolls of identify.
  1763 | D:3      | 1763 ||| IDENTIFYING sapphire potion
  1764 | D:3      | 1764 ||| DROPPING potion of invisibility.
  1768 | D:3      | Reached skill level 8 in Ranged Weapons
  1777 | D:3      | Killed Terence
  1787 | D:3      | Reached XP level 5. HP: 17/29 MP: 7/7
  2238 | D:3      | 2238 ||| UPGRADING to +1 leather armour of poison
                  | resistance.
  2248 | D:3      | 2248 ||| READING 2 scrolls labelled OVUIFI BIBORGH.
  2249 | D:3      | 2249 ||| DROPPING scroll of blinking.
  2286 | D:4      | 2286 ||| PLANNING SEWER
  2327 | D:4      | Noticed Grinder
  2329 | D:4      | Noticed Blork the orc
  2337 | D:4      | HP: 5/29 [Blork the orc/+3 heavy mace (8)]
  2338 | D:4      | 2338 ||| READING scroll of teleportation.
  2338 | D:4      | Slain by Blork the orc

Levels and vault maps discovered:
D:1:      lightli_arrival_farm, layout_basic, minmay_vboxes
D:2:      layout_rooms, uniq_crazy_yiuf_cottage
D:3:      layout_loops_ring, nrook_mini_backslash, minmay_joined_circles,
          uniq_terence
D:4:      layout_basic, nzn_overflow_gifts_of_might_and_magic,
          lemuel_coloured_pillars_altar, serial_shops, nicolae_shop_drivethru,
          portal_sewer_entry_a, uniq_robin, uniq_grinder, uniq_blork_the_orc

Skill      XL: |  1  2  3  4 |
---------------+-------------+-----
Ranged Weapons | 6 7 8 |  8.9
Fighting       | |  1.5
Dodging        | |  2.4
Stealth        | |  1.2

Action                     |  1- 3 |  4- 6 || total
---------------------------+-------+-------++-------
   Fire: Shortbow          |   112 |    90 ||   202
    Use: Scroll            |     3 |     8 ||    11
         Potion            |     2 |       ||     2
 Armour: Leather armour    |    10 |       ||    10
         Ring mail         |     2 |    22 ||    24
  Dodge: Dodged            |    32 |    35 ||    67

Table legend:
 A = Non-vault XP
 B = Vault XP
 C = Vault XP percentage of total XP
 D = Non-vault monster count
 E = Vault monster count
 F = Vault count percentage of total count
                 A         B        C        D         E       F
            +---------+---------+-------+---------+---------+-------
      Total |     147 |     124 |  45.8 |      55 |      13 |  19.1
            +---------+---------+-------+---------+---------+-------
        D:1 |      41 |       5 |  10.9 |      26 |       3 |  10.3
        D:2 |      82 |       0 |   0.0 |      17 |       0 |   0.0
        D:3 |      22 |     119 |  84.4 |      11 |      10 |  47.6
        D:4 |       2 |       0 |   0.0 |       1 |       0 |   0.0
            +---------+---------+-------+---------+---------+-------
